 Dungeon Crawl Stone Soup version 0.27.0-1-g7a089689b8 (webtiles) character file.

Game seed: 1943076106436478732

161 ZombieSheep the Grave Robber (level 5, 0/45 (47) HPs)
             Began as a Gnoll Wanderer on Aug 6, 2021.
             Was a Follower of Okawaru.
             Slain by Crazy Yiuf (3 damage)
             ... on level 2 of the Dungeon.
             The game lasted 00:03:43 (1841 turns).

ZombieSheep the Grave Robber (Gnoll Wanderer)       Turns: 1841, Time: 00:03:44

HP:   0/45 (47)     AC:  7    Str: 15    XL:     5   Next: 42%
MP:   7/9           EV: 11    Int: 10    God:    Okawaru [*.....]
Gold: 116           SH:  0    Dex: 10    Spells: 10/10 levels left

rFire    . . .     SeeInvis .   a - +0 spear
rCold    . . .     Faith    .   (no shield)
rNeg     . . .     Spirit   .   g - +0 scale mail
rPois    .         Reflect  .   (no helmet)
rElec    .         Harm     .   (no cloak)
rCorr    .         Rampage  .   (no gloves)
Will     .....                  (no boots)
Stlth    ++........             (no amulet)
HPRegen  0.15/turn              (no ring)
MPRegen  0.11/turn              (no ring)

@: lethally poisoned (0 -> -18), heroic, lightly drained
A: fangs 1, strong nose, distributed training
a: Renounce Religion, Heroism


You were on level 2 of the Dungeon.
You worshipped Okawaru.
Okawaru was aware of your devotion.
You visited 1 branch of the dungeon, and saw 2 of its levels.

You collected 116 gold pieces.

Inventory:

Hand Weapons
 a - a +0 spear (weapon)
 h - a +1 dagger of freezing
Armour
 g - a +0 scale mail (worn)
 i - a +0 chain mail
Wands
 b - a wand of flame (11) (quivered)
Scrolls
 d - a scroll of identify {unknown}
 f - a scroll of fog
 k - a scroll of noise {unknown}
Potions
 c - 2 potions of curing
 e - a potion of flight {unknown}
 j - a potion of resistance


   Skills:
 + Level 6.7(11.7) Fighting
 + Level 1.4(6.4) Short Blades
 + Level 1.4(6.4) Long Blades
 + Level 1.4(6.4) Axes
 + Level 1.4(6.4) Maces & Flails
 + Level 1.4(6.4) Polearms
 + Level 1.4(6.4) Staves
 + Level 1.4(6.4) Slings
 + Level 1.4(6.4) Bows
 + Level 1.4(6.4) Crossbows
 + Level 1.4(6.4) Throwing
 + Level 1.4(6.4) Armour
 + Level 1.4(6.4) Dodging
 + Level 1.4(6.4) Stealth
 + Level 3.0(8.0) Shields
 + Level 1.4(6.4) Unarmed Combat
 + Level 3.1 Spellcasting
 + Level 1.1 Conjurations
 + Level 1.1 Hexes
 + Level 1.1 Summonings
 + Level 7.2 Necromancy
 + Level 1.1 Translocations
 + Level 1.1 Transmutations
 + Level 1.1 Fire Magic
 + Level 1.1 Ice Magic
 + Level 1.1 Air Magic
 + Level 1.1 Earth Magic
 + Level 1.1 Poison Magic
 + Level 1.6 Invocations
 + Level 3.0 Evocations


You had 10 spell levels left.
You didn't know any spells.
Your spell library contained the following spells:

 Spells                   Type           Power      Damage    Failure   Level
 Call Canine Familiar     Summ           3%         N/A       87%         3
 Portal Projectile        Hex/Tloc       6%         N/A       87%         3
 Leda's Liquefaction      Hex/Erth       1%         N/A       99%         4


Dungeon Overview and Level Annotations

Branches:
Dungeon (2/15)

Altars:
Okawaru

Shops:
D:1 (

Annotations:
D:2 Crazy Yiuf


Innate Abilities, Weirdness & Mutations

You have very sharp teeth.
Your uncanny sense of smell can sniff out nearby items.
Your experience applies equally to all skills.


Message History

The bat is heavily wounded.
The bat hits you but does no damage. The bat hits you.
You hit the bat.
You kill the bat!
Okawaru accepts your kill.
No target in view!
No target in view!
No target in view!
k - a scroll labelled ETELIM ADGHYLI You see here a bat corpse.
You see here a bat corpse.
Found a mace.
Found a runed translucent door.
Crazy Yiuf shouts!
There is a stone staircase leading up here.
Crazy Yiuf laughs, "Ghoul King pontify!"
You gain the combat prowess of a mighty hero.
As you open the door, it creaks loudly!
You closely miss Crazy Yiuf.
Crazy Yiuf hits you with a +2 quarterstaff of chaos!
You barely miss Crazy Yiuf. You hit Crazy Yiuf.
Crazy Yiuf is lightly wounded.
Crazy Yiuf cries, "You leg down broken song, no?"
Crazy Yiuf hits you with a +2 quarterstaff of chaos!
You completely miss Crazy Yiuf.
Crazy Yiuf is lightly wounded.
Crazy Yiuf cries, "You leg down broken song, no?"
Crazy Yiuf closely misses you.
You hit Crazy Yiuf. Your bite misses Crazy Yiuf.
Crazy Yiuf is moderately wounded.
Crazy Yiuf hits you with a +2 quarterstaff of chaos!
You are lethally poisoned!
You hit Crazy Yiuf but do no damage. You bite Crazy Yiuf, but do no damage.
Crazy Yiuf is moderately wounded.
* * * LOW HITPOINT WARNING * * *
You feel very sick.
Crazy Yiuf hits you with a +2 quarterstaff of chaos!
* * * LOW HITPOINT WARNING * * *
You feel drained.
You die...

....................##..........#
.....#.....###########...#.......
.......###.# #.....####.#
.......# #.# ##### #.##### #..
....#..# #.# #..)# #.# #>#
.#.##..# #.# #...# #.########..
.#.##..# #.# ... #.#........#
.#.##..# #.# #g# #.#.########
.......###.# ##@# #.#.# #
.........<.# #.## #...# #
##.##..#.#.# ##.# #.### #
#....###..# #.## #.# # #...##
##.# ##.## ### ## #....###.##
#.P.## ##. ##.###.#.## #PPP.# #..
...# ##.#### #....# ##.
...####....# #....# ##


You could see Crazy Yiuf.

Vanquished Creatures
  An ogre (D:2)
  Terence (D:2)
  2 adders (D:2)
  2 dart slugs
  5 ball pythons
  5 endoplasms
  A giant cockroach (D:1)
  5 goblins (D:1)
  A hobgoblin (D:1)
  3 kobolds
  A quokka (D:1)
  3 bats
  8 rats
38 creatures vanquished.

Notes
Turn   | Place    | Note
-------+----------+-------------------------------------------
     0 | D:1      | ZombieSheep the Gnoll Wanderer began the quest for the Orb.
     0 | D:1      | ZombieSheep set off with the following items: a +0 spear, a
                  | wand of flame (15), a potion of curing, a +0 robe
     0 | D:1      | Reached XP level 1. HP: 23/23 MP: 4/4
   102 | D:1      | Found a faded altar of an unknown god.
   109 | D:1      | Became a worshipper of Warmaster Okawaru
   109 | D:1      | Reached * piety under Okawaru
   155 | D:1      | Reached XP level 2. HP: 15/29 MP: 5/5
   510 | D:1      | Found Jofaz's Weapon Emporium.
   813 | D:1      | Reached XP level 3. HP: 34/35 MP: 7/7
  1139 | D:2      | Reached skill level 1 in Invocations
  1219 | D:2      | Noticed Terence
  1230 | D:2      | Killed Terence
  1231 | D:2      | Reached skill level 1 in Short Blades
  1231 | D:2      | Reached skill level 1 in Long Blades
  1231 | D:2      | Reached skill level 1 in Axes
  1231 | D:2      | Reached skill level 1 in Maces & Flails
  1231 | D:2      | Reached skill level 1 in Polearms
  1231 | D:2      | Reached skill level 1 in Staves
  1231 | D:2      | Reached skill level 1 in Slings
  1231 | D:2      | Reached skill level 1 in Bows
  1231 | D:2      | Reached skill level 1 in Crossbows
  1231 | D:2      | Reached skill level 1 in Throwing
  1231 | D:2      | Reached skill level 1 in Armour
  1231 | D:2      | Reached skill level 1 in Dodging
  1231 | D:2      | Reached skill level 1 in Stealth
  1231 | D:2      | Reached skill level 1 in Unarmed Combat
  1231 | D:2      | Reached XP level 4. HP: 36/41 MP: 5/8
  1291 | D:2      | Noticed an ogre
  1296 | D:2      | Killed an ogre
  1297 | D:2      | Reached skill level 1 in Conjurations
  1297 | D:2      | Reached skill level 1 in Hexes
  1297 | D:2      | Reached skill level 1 in Summonings
  1297 | D:2      | Reached skill level 1 in Translocations
  1297 | D:2      | Reached skill level 1 in Transmutations
  1297 | D:2      | Reached skill level 1 in Fire Magic
  1297 | D:2      | Reached skill level 1 in Ice Magic
  1297 | D:2      | Reached skill level 1 in Air Magic
  1297 | D:2      | Reached skill level 1 in Earth Magic
  1297 | D:2      | Reached skill level 1 in Poison Magic
  1297 | D:2      | Reached XP level 5. HP: 47/47 MP: 9/9
  1695 | D:2      | Found a runed translucent door.
  1696 | D:2      | Noticed Crazy Yiuf
  1841 | D:2      | Slain by Crazy Yiuf

Illustrated notes

Levels and vault maps discovered:
D:1:      doesnt_arrival_eight_statues, layout_basic, serial_shops,
          nicolae_square_shop, hellmonk_ecumenical_altar_inner_sanctum,
          hex_tiny, nrook_loot_triangle, st_stairs_11
D:2:      layout_loops_ring, uniq_terence, uniq_crazy_yiuf_cottage

Skill      XL: |  1  2  3  4  5 |
---------------+----------------+-----
Invocations    | 1 |  1.6
Short Blades   | 1 |  1.4
Long Blades    | 1 |  1.4
Axes           | 1 |  1.4
Maces & Flails | 1 |  1.4
Polearms       | 1 |  1.4
Staves         | 1 |  1.4
Slings         | 1 |  1.4
Bows           | 1 |  1.4
Crossbows      | 1 |  1.4
Throwing       | 1 |  1.4
Armour         | 1 |  1.4
Dodging        | 1 |  1.4
Stealth        | 1 |  1.4
Unarmed Combat | 1 |  1.4
Spellcasting   | 3 |  3.1
Conjurations   | 1 |  1.1
Hexes          | 1 |  1.1
Summonings     | 1 |  1.1
Translocations | 1 |  1.1
Transmutations | 1 |  1.1
Fire Magic     | 1 |  1.1
Ice Magic      | 1 |  1.1
Air Magic      | 1 |  1.1
Earth Magic    | 1 |  1.1
Poison Magic   | 1 |  1.1
Shields        | 3 |  3.0
Evocations     | 3 |  3.0
Fighting       | |  6.7
Necromancy     | |  7.2

Action                   |  1- 3 |  4- 6 || total
-------------------------+-------+-------++-------
Melee: Spear             |   130 |    28 ||   158
       Bite              |    11 |     1 ||    12
Invok: Heroism           |     1 |     1 ||     2
Evoke: Wand              |       |     4 ||     4
  Use: Scroll            |     1 |       ||     1
Armor: Ring mail         |    30 |       ||    30
       Scale mail        |     1 |     9 ||    10
Dodge: Dodged            |    57 |    11 ||    68
